 Dungeon Crawl Stone Soup version 0.30.0-15-g856e2d3f33 (webtiles) character file.

Game seed: 11199404726444512157

372 qw the Shield-Bearer (level 6, -2/37 HPs)
             Began as a Gargoyle Fighter on May 21, 2023.
             Slain by a black bear (5 damage)
             ... on level 4 of the Dungeon.
             The game lasted 00:01:16 (2694 turns).

qw the Shield-Bearer (Gargoyle Fighter)             Turns: 2694, Time: 00:01:17

Health: -2/37      AC: 12    Str: 20 (22) XL:     6   Next: 71%
Magic:  6/6        EV:  7    Int:  8      God:
Gold:   97         SH: 12    Dex:  7 (9)  Spells: 5/5 levels left

rFire   + . .        a - +0 war axe (vamp)
rCold   + . .        j - +0 tower shield
rNeg    + . .        b - +0 scale mail
rPois   inf          (no helmet)
rElec   +            f - scarf {rC+ rF+}
rCorr   .            h - +0 pair of gloves
SInv    .            (no boots)
Will    .....        (no amulet) Stlth
                     (no ring)
HPRegen 0.26/turn    (no ring)
MPRegen 0.10/turn

%: no passive effects
@: no status effects
A: sickness immunity, AC +4, negative energy resistance 1, electricity
resistance, torment resistance 1, petrification resistance
a: no special abilities


You were on level 4 of the Dungeon.
You visited 1 branch of the dungeon, and saw 4 of its levels.

You collected 97 gold pieces.


Innate Abilities, Weirdness & Mutations

You are immune to sickness and miasma.
Your stone body is resilient. (AC +4)
You are immune to poison.
You resist negative energy. (rN+)
You are resistant to electric shocks. (rElec)
You are resistant to unholy torment.
You are immune to petrification.


   Skills:
 - Level 3.2 Fighting
 - Level 3.6 Axes
 - Level 1.1 Throwing
 - Level 3.2 Armour
 + Level 6.8 Shields


You had 5 spell levels left.
You didn't know any spells.
Your spell library was empty.

Inventory:

Hand Weapons
 a - a +0 vampiric war axe (weapon)
 k - a +0 flail
Armour
 b - a +0 scale mail (worn)
 c - a +0 cloak
 f - a scarf of resistance (worn)
 h - a +0 pair of gloves (worn)
 j - a +0 tower shield (worn)
 l - a +0 helmet
Scrolls
 g - 3 scrolls of enchant weapon {unknown}
 i - 5 scrolls of identify
Potions
 d - a potion of might
 e - a potion of lignification
 n - a potion of curing

Dungeon Overview and Level Annotations

Branches:
Dungeon (4/15)
 Temple: D:4-7

Altars:

Shops:
D:1 (

Annotations:
D:3 2 transporters, qw's ghost, amateur GrFi


Message History

You slash the black bear!
The black bear is heavily wounded.
The black bear bites you but does no damage.
The black bear claws you but does no damage.
The black bear claws you.
You slash the black bear!
You feel better.
The black bear is severely wounded.
The black bear goes berserk!
The black bear bites you! The black bear claws you.
The black bear claws you but does no damage.
You barely miss the black bear.
The black bear is severely wounded.
The black bear bites you but does no damage.
You block the black bear's attack.
The black bear claws you but does no damage.
A ball python comes into view.
The black bear completely misses you. You block the black bear's attack.
The black bear barely misses you.
You barely miss the black bear.
The black bear is severely wounded.
The ball python hisses angrily.
The black bear closely misses you. You block the black bear's attack. x2
The black bear bites you.
The black bear claws you but does no damage.
The black bear completely misses you.
The black bear bites you but does no damage.
The black bear claws you but does no damage.
The black bear claws you.
You slash the black bear!
You feel better.
The black bear is almost dead.
The black bear bites you but does no damage.
The black bear claws you but does no damage.
The black bear claws you. The black bear bites you!
You block the black bear's attack. The black bear closely misses you.
The ball python bites you but does no damage.
You block the ball python's attack.
You closely miss the black bear.
The black bear is almost dead.
You closely miss the ball python. The black bear barely misses you.
The black bear claws you.
You die...

#........#
#.(.%....#..(#
#....<...#...#
+........#....
#........#...#
#........#...#
#........+...#
#........#..h##
#........#..@.#
#........###S##
#.............#
#.............#
#.............#
#.............#
+..>..........#
#.............#
#.............#


You could see a black bear (berserk) and a ball python.

Vanquished Creatures
  A black bear (D:3)
  A phantom (D:3)
  Natasha (D:3)
  Terence (D:3)
  An orc wizard (D:3)
  3 adders
  A gnoll (D:1)
  A worm (D:4)
  A dart slug (D:2)
  2 orcs (D:3)
  7 ball pythons
  5 endoplasms
  7 giant cockroaches
  7 hobgoblins
  7 jackals
  3 quokkas
  3 bats
  7 frilled lizards
  12 goblins
  8 kobolds
  3 rats
82 creatures vanquished.

Notes
Turn   | Place    | Note
-------+----------+-------------------------------------------
     0 | D:1      | qw the Gargoyle Fighter began the quest for the Orb.
     0 | D:1      | Reached XP level 1. HP: 14/14 MP: 1/1
     0 | D:1      | 0 ||| qw: Version: 0.2-a-98-g270134b
     0 | D:1      | 0 ||| qw: Game counter: 9
     0 | D:1      | 0 ||| qw: Always use a shield: true
     0 | D:1      | 0 ||| qw: God list: Okawaru
     0 | D:1      | 0 ||| qw: Allow faded altars: false
     0 | D:1      | 0 ||| qw: Do Orc after D:15 true
     0 | D:1      | 0 ||| qw: Do second Lair branch before Depths: true
     0 | D:1      | 0 ||| qw: Lair rune preference: random
     0 | D:1      | 0 ||| qw: Plans: Normal, Zot:1-4, God:TSO, Crypt, Tomb,
                  | Pan, Slime:5, Hells, Abyss, Win
     0 | D:1      | 0 ||| PLANNING D:1-11
   130 | D:1      | 130 ||| Stepping ~*~*~tactically~*~*~ (stealth).
   196 | D:1      | Reached XP level 2. HP: 19/19 MP: 2/2
   415 | D:1      | Found Feydd's Weapon Emporium.
   426 | D:1      | 426 ||| SHOPLISTING +7 flail "Ugij Umu" {heavy, rElec Str+3
                  | Int-4} (744 gold, have 6).
   486 | D:1      | Reached skill level 3 in Axes
   599 | D:1      | Reached XP level 3. HP: 17/23 MP: 3/3
   732 | D:1      | Reached skill level 1 in Throwing
   734 | D:1      | 734 ||| DROPPING +0 whip.
   859 | D:1      | 859 ||| UPGRADING to scarf of resistance.
   864 | D:1      | 864 ||| READING scroll labelled POESUO HOWIPN.
   865 | D:1      | 865 ||| READING scroll labelled GUBEOXK BESUW.
   866 | D:1      | 866 ||| READING 2 scrolls labelled ULAINW CAPS.
   892 | D:2      | 892 ||| Stepping ~*~*~tactically~*~*~ (stealth).
  1005 | D:2      | Reached XP level 4. HP: 28/28 MP: 4/4
  1317 | D:2      | 1317 ||| UPGRADING to +0 tower shield.
  1327 | D:2      | 1327 ||| DROPPING +0 buckler.
  1328 | D:2      | 1328 ||| READING scroll labelled NOMUPTEMIU.
  1329 | D:2      | 1329 ||| READING scroll labelled XYAKLUAMASS.
  1430 | D:2      | 1430 ||| READING scroll labelled ICETTA FOULA.
  1431 | D:2      | 1431 ||| READING scroll labelled DYFIMUYB DEOTE.
  1432 | D:2      | 1432 ||| READING scroll labelled EHOROD QISSI.
  1433 | D:2      | 1433 ||| READING 3 scrolls of identify.
  1433 | D:2      | 1433 ||| IDENTIFYING bubbling inky potion
  1434 | D:2      | 1434 ||| READING 2 scrolls of identify.
  1434 | D:2      | 1434 ||| IDENTIFYING pink potion
  1474 | D:3      | 1474 ||| Stepping ~*~*~tactically~*~*~ (stealth).
  1545 | D:3      | 1545 ||| Stepping ~*~*~tactically~*~*~ (stealth).
  1546 | D:3      | 1546 ||| Stepping ~*~*~tactically~*~*~ (stealth).
  1551 | D:3      | 1551 ||| Stepping ~*~*~tactically~*~*~ (stealth).
  1651 | D:3      | Noticed Terence
  1660 | D:3      | Killed Terence
  1661 | D:3      | Reached skill level 4 in Shields
  1772 | D:3      | 1772 ||| Stepping ~*~*~tactically~*~*~ (stealth).
  1787 | D:3      | Reached XP level 5. HP: 32/32 MP: 5/5
  1906 | D:3      | Identified the +3 halberd of the Pit {venom, rC+ rN+ Dex+4}
  1922 | D:3      | Found a transporter.
  2050 | D:3      | Noticed qw's ghost (amateur GrFi)
  2065 | D:3      | Found a faded altar of an unknown god.
  2072 | D:3      | Found a transporter.
  2196 | D:3      | Reached skill level 5 in Shields
  2306 | D:3      | Noticed Natasha
  2310 | D:3      | Killed Natasha
  2428 | D:3      | 2428 ||| UPGRADING to +0 pair of gloves.
  2433 | D:3      | 2433 ||| READING scroll labelled LOTTIY BAKHLOYCK.
  2438 | D:3      | 2438 ||| READING scroll labelled UBICVY UGEATS.
  2439 | D:3      | 2439 ||| DRINKING 2 fizzy coppery potions.
  2440 | D:3      | 2440 ||| DROPPING potion of degeneration.
  2470 | D:4      | Noticed a black bear
  2473 | D:4      | Noticed a phantom
  2479 | D:4      | 2479 ||| STAIRDANCE
  2486 | D:3      | HP: 3/32 [black bear (6)]
  2487 | D:3      | Killed a black bear
  2488 | D:3      | Reached skill level 6 in Shields
  2488 | D:3      | Reached XP level 6. HP: 6/37 MP: 6/6
  2492 | D:3      | HP: 7/37 [phantom (1)]
  2683 | D:4      | Noticed a black bear
  2693 | D:4      | HP: 3/37 [black bear (11)]
  2694 | D:4      | Slain by a black bear

Levels and vault maps discovered:
D:1:      eino_arrival_cavern_a, layout_loops_ring, serial_shops, shop_statue
D:2:      layout_rooms
D:3:      layout_loops_corners, gammafunk_ghost_gnarly_gnolls,
          ebering_ecumenical_altar_box, uniq_terence, uniq_natasha
D:4:      layout_gridville, overflow_temple_1_default

Skill      XL: |  1  2  3  4  5 |
---------------+----------------+-----
Axes           | 2 3 |  3.6
Throwing       | 1 |  1.1
Shields        | 4 6 |  6.8
Fighting       | |  3.2
Armour         | |  3.2

Action                     |  1- 3 |  4- 6 || total
---------------------------+-------+-------++-------
  Melee: War axe           |    69 |   132 ||   201
  Throw: Javelin           |    20 |    24 ||    44
    Use: Scroll            |     3 |     9 ||    12
         Potion            |       |     1 ||     1
 Armour: Scale mail        |    31 |    84 ||   115
  Dodge: Dodged            |    21 |    52 ||    73
  Block: Buckler           |    12 |     1 ||    13
         Tower shield      |       |    90 ||    90

Table legend:
 A = Non-vault XP
 B = Vault XP
 C = Vault XP percentage of total XP
 D = Non-vault monster count
 E = Vault monster count
 F = Vault count percentage of total count
                 A         B        C        D         E       F
            +---------+---------+-------+---------+---------+-------
      Total |     460 |      72 |  13.5 |      80 |       2 |   2.4
            +---------+---------+-------+---------+---------+-------
        D:1 |      53 |       0 |   0.0 |      26 |       0 |   0.0
        D:2 |      40 |       0 |   0.0 |      15 |       0 |   0.0
        D:3 |     350 |      72 |  17.1 |      31 |       2 |   6.1
        D:4 |      17 |       0 |   0.0 |       8 |       0 |   0.0
            +---------+---------+-------+---------+---------+-------
